 Dungeon Crawl Stone Soup version 0.23.2-1-ga50397a (webtiles) character file.

Game seed: 9282686153353501885

39 Mimshu the Skirmisher (level 3, -1/40 HPs)
             Began as an Ogre Berserker on May 7, 2019.
             Was a Follower of Trog.
             Killed from afar by an orc wizard (7 damage)
             ... with a puff of frost
             ... on level 2 of the Dungeon.
             The game lasted 00:05:00 (1148 turns).

Mimshu the Skirmisher (Ogre Berserker)              Turns: 1148, Time: 00:05:01

Health: -1/40      AC:  3    Str: 22    XL:     3   Next: 47%
Magic:  12/12      EV: 10    Int:  8    God:    Trog [*.....]
Gold:   67         SH:  0    Dex:  8    Spells: 2/2 levels left

rFire    . . .     SeeInvis .   a - +0 hand axe
rCold    . . .     Gourm    .   (no shield)
rNeg     . . .     Faith    .   b - +0 animal skin
rPois    .         Spirit   .   (helmet restricted)
rElec    .         Reflect  .   (no cloak)
rCorr    .         Harm     .   (gloves unavailable)
MR       .....                  (boots unavailable)
Stlth    +.........             (no amulet)
HPRegen  0.13/turn              d - ring of magical power
MPRegen  0.13/turn              (no ring)

@: berserk cooldown, slowed, very slow
A: large, unfitting armour, tough skin 1
a: Berserk, Renounce Religion


You were on level 2 of the Dungeon.
You worshipped Trog.
Trog was aware of your devotion.
You were not hungry.

You visited 1 branch of the dungeon, and saw 2 of its levels.

You collected 67 gold pieces.

Inventory:

Hand Weapons
 a - a +0 hand axe (weapon)
Armour
 b - a +0 animal skin (worn)
Jewellery
 d - a ring of magical power (left hand)
 l - a cursed ring of attention
Scrolls
 e - 2 scrolls of teleportation
 g - a scroll of fear {unknown}
 h - a scroll of random uselessness {unknown}
 j - a scroll of enchant weapon {unknown}
 k - a scroll of identify
 n - a scroll of magic mapping {unknown}
Potions
 f - 5 potions of curing {unknown}
 i - a potion of flight {unknown}
 m - a potion of brilliance {unknown}
Comestibles
 c - 3 rations
 o - a chunk of flesh


   Skills:
 * Level 4.7 Fighting
 * Level 3.5 Axes
 * Level 3.2 Dodging


You had 2 spell levels left.
You didn't know any spells.
Your spell library was empty.

Dungeon Overview and Level Annotations

Branches:
Dungeon (2/15)

Altars:
Dithmenos


Innate Abilities, Weirdness & Mutations

You are too large for most types of armour.
You have tough skin. (AC +1)


Message History

The orc wizard barely misses you.
You hit the orc wizard.
The orc wizard is lightly wounded.
The orc wizard hits you with a +0 dagger.
* * * LOW HITPOINT WARNING * * *
The orc wizard hits you with a +0 dagger.
* * * LOW HITPOINT WARNING * * *
The orc wizard hits you with a +0 dagger.
* * * LOW HITPOINT WARNING * * *
You hit the orc wizard but do no damage.
The orc wizard is lightly wounded.
The orc wizard hits you with a +0 dagger.
* * * LOW HITPOINT WARNING * * *
The orc wizard misses you.
You closely miss the orc wizard.
The orc wizard is lightly wounded.
The orc wizard closely misses you. The orc wizard barely misses you.
The orc wizard casts a spell at you. The puff of frost hits you!
You die...

######## #......#
###......########
....?...oo@.....#
#.....)######.##########
#......# #.#........#
#......# #.#.######.#
#......######.#.######.##
#.......(.........(รท.....
#...o?....############.##
#......... ...#######.#
#.........# #.........#


You could see an orc wizard and an orc.

Vanquished Creatures
  A worm (D:2)
  2 dart slugs
  A leopard gecko (D:1)
  2 orcs (D:2)
  3 giant cockroaches
  2 hobgoblins (D:2)
  3 bats
  2 frilled lizards (D:1)
  4 goblins
  6 kobolds
  A rat (D:2)
27 creatures vanquished.

Notes
Turn   | Place    | Note
-------+----------+-------------------------------------------
     0 | D:1      | Mimshu the Ogre Berserker began the quest for the Orb.
     0 | D:1      | Reached XP level 1. HP: 24/24 MP: 1/1
   314 | D:1      | Reached XP level 2. HP: 32/32 MP: 2/2
   797 | D:2      | Found a shadowy altar of Dithmenos.
   819 | D:2      | Reached XP level 3. HP: 17/40 MP: 3/3
  1148 | D:2      | Killed from afar by an orc wizard

Skill      XL: |  1  2 |
---------------+-------+-----
Dodging        | 3 |  3.2
Fighting       | |  4.7
Axes           | |  3.5

Action                   || total
-------------------------++-------
Melee: Hand axe          ||   102
Invok: Berserk           ||     2
  Use: Scroll            ||     3
 Stab: Sleeping          ||     1
  Eat: Ration            ||     1
Armor: Animal skin       ||    25
Dodge: Dodged            ||    70
